 Dungeon Crawl Stone Soup version 0.23.2-1-ga50397a6bc (webtiles) character file.

Game seed: 5955352181786540602

102263 Gargoyl the Cleaver (level 15, -3/125 HPs)
             Began as a Centaur Abyssal Knight on May 6, 2019.
             Was an Elder of Lugonu.
             Slain by a frost giant
             ... wielding a +1 battleaxe of freezing
              (4 damage)
             ... on level 2 of the Depths.
             The game lasted 00:57:02 (42842 turns).

Gargoyl the Cleaver (Centaur Abyssal Knight)       Turns: 42842, Time: 00:57:03

Health: -3/125     AC: 34    Str: 30    XL:     15   Next: 85%
Magic:  24/24      EV:  4    Int: 11    God:    Lugonu [****..]
Gold:   2316       SH: 11    Dex: 12    Spells: 14/14 levels left

rFire    + . .     SeeInvis .   B - +5 war axe (freeze)
rCold    + . .     Gourm    .   O - +0 shield {rC+ rF+}
rNeg     . . .     Faith    .   M - +5 crystal plate armour
rPois    .         Spirit   .   C - +0 helmet
rElec    .         Reflect  .   J - +0 cloak {MR+}
rCorr    .         Harm     .   u - +0 pair of gloves
MR       ++...                  t - +1 centaur barding of Uwuenk {Str+3}
Stlth    ..........             L - amulet of the acrobat
HPRegen  0.30/turn              d - +4 ring of strength
MPRegen  0.19/turn              E - +5 ring of strength

@: very quick
A: large, hooves 3, deformed body, speed 2, tough skin 3
a: Depart the Abyss, Bend Space, Banish, Corrupt, Renounce Religion


You were on level 2 of the Depths.
You worshipped Lugonu.
Lugonu was greatly pleased with you.
You were not hungry.

You visited 4 branches of the dungeon, and saw 25 of its levels.
You visited the Abyss 3 times.
You also visited: Sewer, Bailey and Volcano.

You collected 2736 gold pieces.
You spent 420 gold pieces at shops.

Inventory:

Hand Weapons
 a - a +1 hand axe
 p - a +0 hand axe of electrocution
 v - a +2 war axe of chopping
 B - a +5 war axe of freezing (weapon)
Missiles
 r - a javelin of penetration (quivered)
 U - 25 tomahawks
Armour
 t - the +1 centaur barding of Uwuenk (worn) {Str+3}
   (You acquired it on level 9 of the Dungeon)

   It affects your strength (+3).
 u - a +0 pair of gloves (worn)
 C - a +0 helmet (worn)
 J - a +0 cloak of magic resistance (worn)
 M - a +5 crystal plate armour (worn)
 O - a +0 shield of resistance (worn)
Jewellery
 d - a +4 ring of strength (left hand)
 j - an uncursed ring of protection from cold
 x - an uncursed ring of see invisible
 E - a +5 ring of strength (right hand)
 L - an amulet of the acrobat (around neck)
Wands
 b - a wand of digging (17)
 e - a wand of acid (31)
 f - a wand of random effects (40)
 o - a wand of scattershot (8)
 y - a wand of flame (66)
 G - a wand of paralysis (18)
 K - a wand of polymorph (6)
 S - a wand of disintegration (18)
Scrolls
 i - 11 scrolls of remove curse
 k - a scroll of blinking
 m - 7 scrolls of fear
 n - 7 scrolls of fog
 w - 5 scrolls of identify
 z - 5 scrolls of teleportation
 Q - 2 scrolls of magic mapping
 T - 2 scrolls of amnesia
Potions
 g - 7 potions of curing
 h - 3 potions of brilliance
 l - 4 potions of haste
 q - 3 potions of flight
 s - 2 potions of magic
 A - 2 potions of berserk rage
 D - 7 potions of resistance
 F - 3 potions of ambrosia
 H - a potion of might
 N - a potion of cancellation
 P - 4 potions of agility
 R - a potion of heal wounds
Comestibles
 c - 19 rations
 I - 4 chunks of flesh


   Skills:
 + Level 9.6 Fighting
 + Level 12.9 Axes
 + Level 3.3 Throwing
 * Level 11.9 Armour
 * Level 8.7 Dodging
 + Level 6.0 Shields
 * Level 12.8 Invocations
 + Level 0.3 Evocations


You had 14 spell levels left.
You didn't know any spells.
Your spell library contained the following spells:

 Spells                   Type           Power        Failure   Level  Hunger
 Apportation              Tloc           #.....       100%        1    ##.....
 Magic Dart               Conj           #...         100%        1    ##.....
 Sting                    Conj/Pois      #...         100%        1    ##.....
 Summon Butterflies       Summ           #.......     100%        1    ##.....
 Blink                    Tloc           N/A          100%        2    ###....
 Call Imp                 Summ           #.......     100%        2    ###....
 Poisonous Vapours        Pois/Air       #.....       100%        2    ###....
 Slow                     Hex            #.......     100%        2    ###....
 Sublimation of Blood     Necr           #.........   100%        2    ###....
 Conjure Flame            Conj/Fire      #.......     100%        3    ####...
 Ignite Poison            Fire/Tmut/Pois #.......     100%        3    ####...
 Lesser Beckoning         Tloc           #.........   100%        3    ####...
 Mephitic Cloud           Conj/Pois/Air  #.......     100%        3    ####...
 Tukima's Dance           Hex            #.......     100%        3    ####...
 Ice Form                 Ice/Tmut       #.......     100%        4    #####..
 Olgreb's Toxic Radiance  Pois           #.......     100%        4    #####..
 Petrify                  Tmut/Erth      #.......     100%        4    #####..
 Alistair's Intoxication  Tmut/Pois      #.......     100%        5    ######.
 Bolt of Magma            Conj/Fire/Erth #.........   100%        5    ######.
 Irradiate                Conj/Tmut      #.........   100%        5    ######.
 Iskenderun's Battlesphe  Conj/Chrm      #.......     100%        5    ######.
 Metabolic Englaciation   Hex/Ice        #.........   100%        5    ######.
 Venom Bolt               Conj/Pois      #.........   100%        5    ######.
 Bolt of Cold             Conj/Ice       #.........   100%        6    #######
 Freezing Cloud           Conj/Ice/Air   #.........   100%        6    #######
 Invisibility             Hex            #.......     100%        6    #######
 Iron Shot                Conj/Erth      #.........   100%        6    #######
 Ozocubu's Refrigeration  Ice            #.........   100%        6    #######
 Simulacrum               Ice/Necr       #.........   100%        6    #######
 Orb of Destruction       Conj           #.........   100%        7    #######
 Spellforged Servitor     Conj/Summ      #.........   100%        7    #######


Dungeon Overview and Level Annotations

Branches:
Dungeon (15/15)            Temple (0/1) D:4            Lair (6/6) D:9
 Shoals (0/4) Lair:2       Spider (0/4) Lair:4        Slime (0/5) Lair:5
    Orc (2/2) D:9             Elf (0/3) Orc:2        Vaults (0/5) D:14
 Depths (2/5) D:15

Altars:
Ashenzari
Makhleb
Nemelex Xobeh
Wu Jian
Jiyva

Shops:
D:8 :   D:9 (   D:10 %   Orc:1 }   Orc:2 *%**

Portals:
Hell: Depths:1

Annotations:
D:4 Ykky's ghost, amateur MiGl
Depths:1 Aizul


Innate Abilities, Weirdness & Mutations

You have hooves in place of feet.
Armour fits poorly on your strangely shaped body.
You cover ground very quickly.
You have extremely tough skin. (AC +3)


Message History

The frost giant freezes you.
You hit the frost giant but do no damage.
You kick the frost giant!
The frost giant is heavily wounded.
The frost giant casts a spell at you. The bolt of cold hits you! You resist.
* * * LOW HITPOINT WARNING * * *
You hit the frost giant. You kick the frost giant.
The frost giant is heavily wounded.
You block the frost giant's attack.
You slice the frost giant!! You freeze the frost giant.
You kick the frost giant, but do no damage.
The frost giant is severely wounded.
You hit the frost giant.
You kick the frost giant, but do no damage.
The frost giant is severely wounded.
The frost giant hits you with a +1 battleaxe of freezing!!
* * * LOW HITPOINT WARNING * * *
The frost giant freezes you.
You die...

..! #....
.C..#...##.#.#
...#...##.#.# .#
.......##.#.# #.#
#. #...##.#.# #.# .
#. #...##.#.# #.#
....##.##...##.#.#
#.#
#...C@.....)#.###.#
#.#.##..........#.#
...
#..#.#.###...####
...#. #..#.#.#
###...#. #...#.
#..#.#.# ###... #..
#. #..#.#.# ###. ##
#. ........ ##
####..#.#.. #.#..


You could see a frost giant.

Vanquished Creatures
  A tentacled starspawn (Abyss:1)
  4 stone giants
  Nessos (Lair:5)
  An ettin (Depths:2)
  Snorg (Lair:4)
  Josephine (Lair:5)
  A yaktaur captain (Depths:1)
  A great orb of eyes (Depths:2)
  2 fire dragons
  Harold (Lair:2)
  A rakshasa (Depths:1)
  2 vault guards (D:14)
  2 centaur warriors
  A spriggan air mage (Depths:1)
  An ice dragon (Depths:1)
  2 ogre magi
  5 tengu warriors
  15 two-headed ogres
  6 death yaks
  A deep troll earth mage (Depths:2)
  An orc high priest (D:9)
  A vampire mage (Depths:1)
  8 skeletal warriors
  6 deep trolls
  A spriggan druid (Depths:1)
  A wizard (Depths:1)
  An anaconda skeleton (Volcano)
  A deep elf archer (D:13)
  3 orc knights
  A deep elf mage (D:15)
  2 orc sorcerers (Orc:1)
  4 cyclopes
  2 manticores
  2 merfolk sirens (Lair:2)
  5 black mambas
  An apocalypse crab (Abyss:1)
  4 elephants (Lair:6)
  Maurice (D:11)
  A guardian serpent (shapeshifter) (Depths:2)
  A smoke demon (Abyss:1)
  The ghost of Ykky the Chopper, a novice DsGl of Makhleb (D:5)
  7 spiny frogs
  2 gargoyles
  5 yaktaurs
  A kobold demonologist (D:15)
  4 komodo dragons
  A yaktaur (shapeshifter) (D:14)
  A demonic crawler (Lair:4)
  3 tengu conjurers (Depths:1)
  An efreet (D:12)
  A troll (shapeshifter) (D:14)
  2 merfolk (Lair:2)
  14 trolls
  3 polar bears
  2 hornets
  3 slime creatures (Depths:1)
  Prince Ribbit (Lair:3)
  6 blink frogs
  7 hippogriffs
  2 flying skulls (Volcano)
  A shadow (D:11)
  40 yaks
  Sigmund (D:4)
  A vampire (D:15)
  A wyvern (D:12)
  2 alligator skeletons (Volcano)
  4 wraiths (Lair:6)
  2 basilisks (Lair:3)
  A hungry ghost (D:11)
  A steam dragon (D:10)
  9 humans (D:14)
  4 vampire mosquitoes
  6 wargs (Orc:2)
  Edmund (D:6)
  An acid dragon (D:12)
  10 water moccasins
  5 porcupines
  2 hell hounds (Lair:1)
  A soldier ant (D:14)
  5 black bears
  Purgy (Sewer)
  2 ice beasts (D:15)
  2 eyes of draining
  A necrophage (D:9)
  24 orc warriors
  6 phantoms
  5 sky beasts
  8 boggarts
  2 small abominations (Abyss:1)
  25 ogres
  9 wolves
  5 centaurs
  7 crocodiles
  4 big kobolds
  13 bullfrogs
  3 gnoll sergeants
  A wyvern skeleton (D:7)
  5 scorpions
  16 killer bees
  A spriggan skeleton (Volcano)
  3 electric eels
  4 wights (D:15)
  2 howler monkeys
  5 centaur zombies
  5 crimson imps
  A bullfrog zombie (D:9)
  9 jellies
  A quasit (D:12)
  6 hounds
  3 centaur skeletons
  An iron imp (Depths:1)
  10 orc priests
  Jessica (D:2)
  3 iguanas
  29 orc wizards
  14 worker ants
  A killer bee zombie (D:5)
  2 naga skeletons (Volcano)
  2 hound skeletons (D:5)
  A worker ant zombie (D:6)
  10 adders
  8 gnolls
  A shadow imp (D:2)
  7 oozes
  An adder skeleton (D:4)
  An adder zombie (D:9)
  5 worms
  4 dart slugs
  8 leopard geckos
  77 orcs
  14 bats
  8 giant cockroaches
  13 goblins
  11 hobgoblins
  15 jackals
  4 quokkas
  3 ball pythons
  3 frilled lizards
  A giant cockroach zombie (D:5)
  A jackal skeleton (D:4)
  21 kobolds
  13 rats
  3 fungi
  A plant (Lair:4)
738 creatures vanquished.

Vanquished Creatures (others)
  6 hydras
  An ice dragon (D:15)
  A two-headed ogre (D:8)
  2 gargoyles (Volcano)
  A spiny frog (Lair:3)
  A rime drake (Lair:3)
  A flying skull (Volcano)
  A human (D:14)
  A vampire mosquito (D:8)
  An orc warrior (D:6)
  8 fungi
  2 plants (Lair:6)
  2 starspawn tentacles (Abyss:1)
28 creatures vanquished.

Grand Total: 766 creatures vanquished

Notes
Turn   | Place    | Note
-------+----------+-------------------------------------------
     0 | Abyss:1  | Gargoyl the Centaur Abyssal Knight began the quest for the
                  | Orb.
     0 | Abyss:1  | Reached XP level 1. HP: 19/19 MP: 2/2
    18 | Abyss:1  | Found a corrupted altar of Lugonu.
    29 | Abyss:1  | Noticed a rust devil
    39 | Abyss:1  | Noticed a wraith
    64 | Abyss:1  | Noticed an eidolon
    83 | Abyss:1  | Noticed a large abomination
   144 | Abyss:2  | Noticed a stone giant zombie
   144 | Abyss:2  | Noticed a worldbinder
   148 | Abyss:2  | Noticed a wind drake
   161 | Abyss:2  | Noticed an ice devil
   162 | Abyss:2  | Noticed a blink frog
   162 | Abyss:2  | Noticed a blink frog
   162 | Abyss:2  | Noticed a blink frog
   163 | D:1      | Escaped the Abyss
   291 | D:1      | Reached XP level 2. HP: 22/26 MP: 3/3
   332 | D:1      | Reached * piety under Lugonu
   540 | D:1      | Reached skill level 1 in Dodging
   817 | D:1      | Reached XP level 3. HP: 30/31 MP: 4/4
  1685 | D:2      | Reached XP level 4. HP: 30/38 MP: 5/5
  1965 | D:2      | Reached ** piety under Lugonu
  2108 | D:2      | Noticed Jessica
  2118 | D:2      | Killed Jessica
  2557 | D:2      | Reached XP level 5. HP: 45/45 MP: 6/6
  2796 | D:2      | Found a burning altar of Makhleb.
  2913 | D:3      | Found a faded altar of an unknown god.
  3683 | D:3      | Found a sparkling altar of Nemelex Xobeh.
  4281 | D:4      | Found a staircase to the Ecumenical Temple.
  4296 | D:4      | Reached XP level 6. HP: 45/52 MP: 8/8
  4315 | D:4      | Reached *** piety under Lugonu
  4595 | D:4      | Found a glowing drain.
  4604 | Sewer    | Entered a sewer
  4643 | Sewer    | Noticed Purgy
  4656 | Sewer    | Killed Purgy
  4818 | D:4      | Found a transporter.
  4833 | D:4      | Noticed Ykky's ghost (amateur MiGl)
  4835 | D:4      | Found a transporter.
  4904 | D:4      | Reached XP level 7. HP: 23/59 MP: 9/9
  5130 | D:4      | Noticed Sigmund
  5143 | D:4      | Killed Sigmund
  5942 | D:5      | Entered Level 5 of the Dungeon
  6156 | D:5      | Reached skill level 1 in Throwing
  6361 | D:5      | Reached XP level 8. HP: 24/66 MP: 11/11
  6469 | D:5      | Reached **** piety under Lugonu
  7177 | D:5      | Found a runed translucent door.
  7179 | D:5      | Noticed Ykky's ghost (novice DsGl)
  7313 | D:5      | Killed Ykky's ghost
  7313 | D:5      | Reached skill level 5 in Axes
  7388 | D:5      | Reached skill level 5 in Armour
  8074 | D:6      | Reached skill level 5 in Invocations
  8232 | D:6      | Noticed Edmund
  8238 | D:6      | Killed Edmund
  8238 | D:6      | Reached XP level 9. HP: 66/72 MP: 12/12
  9075 | D:7      | Found a shattered altar of Ashenzari.
  9080 | D:7      | Saw a vision of the Shoals and the Spider Nest.
  9080 | D:7      | Noticed a wolf spider
  9080 | D:7      | Noticed a sea snake
  9080 | D:7      | Noticed a merfolk
  9080 | D:7      | Noticed a merfolk siren
  9126 | D:7      | Reached skill level 5 in Fighting
 10970 | D:7      | Reached XP level 10. HP: 65/81 MP: 14/14
 11226 | D:8      | Found Xiulup's Book Shoppe.
 11344 | D:8      | Noticed a two-headed ogre
 11362 | D:8      | Banished a two-headed ogre
 13091 | D:9      | Identified a scroll of acquirement
 13092 | D:9      | Got a crude centaur barding
 13098 | D:9      | Identified the +1 centaur barding of Uwuenk {Str+3} (You
                  | acquired it on level 9 of the Dungeon)
 13165 | D:9      | Reached skill level 1 in Shields
 13846 | D:9      | Found a staircase to the Orcish Mines.
 15017 | D:9      | Reached ***** piety under Lugonu
 15206 | D:9      | Found Xahy's Antique Weapon Boutique.
 15214 | D:9      | Bought a runed war axe for 195 gold pieces
 15348 | D:9      | Found a staircase to the Lair.
 15407 | D:9      | Reached XP level 11. HP: 80/89 MP: 16/16
 15496 | D:9      | Found an ornate altar of the Wu Jian Council.
 15541 | D:9      | Noticed a two-headed ogre
 15550 | D:9      | Killed a two-headed ogre
 16192 | D:10     | Entered Level 10 of the Dungeon
 16209 | Lair:1   | Entered Level 1 of the Lair of Beasts
 16636 | Lair:1   | Found a dark tunnel.
 16681 | Volcano  | Entered a volcano
 16731 | Volcano  | Reached skill level 5 in Dodging
 17433 | Volcano  | Noticed a skeletal warrior
 18210 | Lair:2   | Noticed a four-headed hydra
 18210 | Lair:2   | Noticed Harold
 18510 | Lair:2   | Banished a four-headed hydra
 18529 | Lair:2   | Killed Harold
 19938 | Lair:2   | Found a staircase to the Shoals.
 20153 | Lair:3   | Noticed a six-headed hydra
 20155 | Lair:3   | Banished a six-headed hydra
 20155 | Lair:3   | Reached XP level 12. HP: 95/97 MP: 13/18
 20705 | Lair:3   | Noticed Prince Ribbit
 21339 | Lair:3   | Killed Prince Ribbit
 21747 | Lair:4   | Noticed a four-headed hydra
 21749 | Lair:4   | Banished a four-headed hydra
 21958 | Lair:4   | Found a hole to the Spider Nest.
 22648 | Lair:5   | Noticed Snorg
 22848 | Lair:4   | Killed Snorg
 23143 | Lair:5   | Noticed Nessos
 23927 | Lair:5   | Killed Nessos
 24686 | Lair:5   | Found a staircase to the Slime Pits.
 24686 | Lair:5   | Found a viscous altar of Jiyva.
 24963 | Lair:6   | Entered Level 6 of the Lair of Beasts
 24975 | Lair:6   | Noticed Josephine
 25075 | Lair:5   | Killed Josephine
 25246 | Lair:6   | Reached skill level 10 in Invocations
 25315 | Lair:6   | Found the +7 Spriggan's Knife {stab, EV+4 Stlth+}
 25351 | Lair:6   | Reached XP level 13. HP: 70/105 MP: 20/20
 25352 | Lair:6   | Reached skill level 10 in Armour
 25600 | Lair:6   | Reached skill level 10 in Axes
 28028 | D:10     | Found Odenyari's Food Shoppe.
 28987 | D:11     | Found a flagged portal.
 28998 | Bailey   | Entered a bailey
 29965 | D:11     | Noticed Maurice
 29971 | D:11     | Killed Maurice
 30732 | D:13     | Reached XP level 14. HP: 107/115 MP: 15/22
 32225 | D:13     | You fall through a shaft for 2 floors!
 32225 | D:15     | Entered Level 15 of the Dungeon
 34014 | D:14     | Found a gate to the Vaults.
 34332 | D:15     | Reached skill level 5 in Shields
 34342 | D:15     | Reached ****** piety under Lugonu
 34647 | D:15     | HP: 3/116 [fire dragon/blast of flame (37)]
 34762 | Abyss:1  | Noticed a tentacled starspawn
 34763 | Abyss:1  | Found a corrupted altar of Lugonu.
 34889 | Abyss:1  | Noticed a tentacled starspawn
 34898 | Abyss:1  | Killed a tentacled starspawn
 34930 | D:15     | Escaped the Abyss
 35019 | D:15     | Found a staircase to the Depths.
 35621 | Orc:1    | Entered Level 1 of the Orcish Mines
 36405 | Orc:1    | Found Duaff's Gadget Shoppe.
 36502 | Orc:2    | Entered Level 2 of the Orcish Mines
 36502 | Orc:2    | Found a staircase to the Elven Halls.
 36736 | Orc:2    | Noticed a stone giant
 36776 | Orc:1    | Killed a stone giant
 36985 | Orc:2    | Reached XP level 15. HP: 92/123 MP: 24/24
 37061 | Orc:2    | Found Utuof's Food Shop.
 37079 | Orc:2    | Found Deuczak's General Store.
 37514 | Orc:2    | Found Gurhohorph's General Store.
 37524 | Orc:2    | Found Ratiraipp's General Store.
 37686 | Orc:2    | Bought 2 scrolls of enchant armour for 225 gold pieces
 38916 | Orc:2    | Escaped the Abyss
 39468 | Depths:1 | Entered Level 1 of the Depths
 40801 | Depths:2 | Noticed a fire giant
 41897 | Depths:1 | Found a gateway to Hell.
 42163 | Depths:1 | Noticed Aizul
 42633 | Depths:1 | You fall through a shaft!
 42827 | Depths:2 | Noticed a frost giant
 42842 | Depths:2 | HP: 1/125 [frost giant/+1 battleaxe of freezing (27)]
 42842 | Depths:2 | Slain by a frost giant

Skill      XL: |  1  2  3  4  5  6  7  8  9 10 11 12 13 14 15 |
---------------+----------------------------------------------+-----
Axes           | 2 3 4 5 6 7 8 9 11 12 | 12.9
Dodging        | 1 2 3 4 5 6 7 8 |  8.7
Armour         | 2 3 4 5 6 8 9 10 11 | 11.9
Invocations    | 3 4 5 6 7 8 10 11 12 | 12.8
Fighting       | 4 5 6 7 8 9 |  9.6
Throwing       | 1 2 3 |  3.3
Shields        | 1 2 3 4 5 6 |  6.0
Evocations     | |  0.3

Action                   |  1- 3 |  4- 6 |  7- 9 | 10-12 | 13-15 || total
-------------------------+-------+-------+-------+-------+-------++-------
Melee: Hand axe          |    90 |   261 |   458 |    79 |       ||   888
       Kick              |     8 |    49 |   118 |   225 |   483 ||   883
       War axe           |       |       |       |   641 |  1194 ||  1835
Throw: Javelin           |       |    11 |     7 |    29 |     6 ||    53
       Tomahawk          |       |       |       |       |     3 ||     3
Invok: Depart the Abyss  |     1 |       |       |       |     2 ||     3
       Banish            |       |       |     1 |    13 |     8 ||    22
       Bend Space        |       |       |       |       |     1 ||     1
       Enter the Abyss   |       |       |       |       |     2 ||     2
Evoke: Wand              |       |       |       |     9 |       ||     9
  Use: Potion            |     1 |     2 |    10 |     5 |     7 ||    25
       Scroll            |     4 |     5 |       |    15 |    15 ||    39
 Stab: Invisible         |       |     1 |       |       |       ||     1
  Eat: Chunk             |       |    11 |    10 |    14 |    26 ||    61
       Ration            |       |       |     2 |    10 |     9 ||    21
Armor: Leather armour    |    40 |       |       |       |       ||    40
       Scale mail        |    10 |    58 |       |       |       ||    68
       Chain mail        |       |   129 |   331 |   453 |       ||   913
       Skin              |       |       |    16 |       |       ||    16
       Crystal plate arm |       |       |       |   103 |   840 ||   943
Dodge: Dodged            |    64 |    91 |   144 |   137 |   234 ||   670
Block: Shield            |       |       |    66 |   411 |   656 ||  1133
       Buckler           |       |       |       |       |    11 ||    11
